 Dungeon Crawl Stone Soup version 0.19.4 (webtiles) character file.

10462 KyraPupper the Slicer (level 11, -9/84 HPs)
             Began as a Human Fighter on Feb 2, 2017.
             Mangled by an orc knight
             ... wielding a +0 trident
              (19 damage)
             ... in a bailey.
             The game lasted 00:47:24 (17478 turns).

KyraPupper the Slicer (Human Fighter)              Turns: 17478, Time: 00:47:25

Health: -9/84      AC: 18    Str: 17    XL:     11   Next: 93%
Magic:  12/12      EV: 11    Int: 11    God:
Gold:   718        SH: 11    Dex: 18    Spells: 0 memorised, 10 levels left

rFire  . . .     SeeInvis .     a - +0 rapier
rCold  . . .     Gourm    .     L - +3 scale mail
rNeg   . . .     Faith    .     c - +0 shield
rPois  .         Spirit   .     v - +0 helmet
rElec  .         Reflect  .     E - +2 cloak
rCorr  .         Harm     .     B - +0 pair of fencer's gloves {+Riposte Dex+3}
MR     .....                    n - +0 pair of boots
Stlth  +.........               l - amulet of rage
                                (no ring)
                                z - +2 ring of intelligence

@: no status effects
A: hooves 1, blink
a: Blink, Evoke Berserk Rage


You were in a bailey.
You were not hungry.

You visited 1 branch of the dungeon, and saw 11 of its levels.
You also visited: Sewer, Ossuary and Bailey.

You collected 718 gold pieces.

Inventory:

Hand Weapons
 a - a +0 rapier (weapon)
Missiles
 e - 296 stones
 I - 5 tomahawks (quivered)
Armour
 c - a +0 shield (worn)
 n - a +0 pair of boots (worn)
 o - a +2 pair of gloves of archery
 v - a +0 helmet (worn)
 B - the +0 pair of fencer's gloves (worn) {+Riposte Dex+3}
   (You found it on level 4 of the Dungeon)

   It affects your dexterity (+3).
 E - a +2 cloak (worn)
 L - a +3 scale mail (worn)
Jewellery
 l - an amulet of rage (around neck)
 x - an uncursed amulet of magic regeneration
 z - a +2 ring of intelligence (left hand)
Wands
 i - a wand of flame (13/48)
 k - a wand of paralysis (17/24)
 F - a wand of polymorph (8/24)
 G - a wand of confusion (28/48)
 H - a wand of slowing (29/48)
Scrolls
 b - a scroll of amnesia {unknown}
 d - a scroll of fear
 h - 4 scrolls of enchant armour
 p - 5 scrolls of identify
 t - 5 scrolls of teleportation
 u - 5 scrolls of remove curse
 y - 4 scrolls of blinking
 A - 2 scrolls of magic mapping
 C - 4 scrolls of recharging
Potions
 f - 5 potions of curing
 g - a potion of brilliance
 m - a potion of ambrosia
 q - 2 potions of flight
 r - 3 potions of heal wounds
 s - a potion of agility
 D - 4 potions of invisibility
Comestibles
 j - 25 fruits
 w - 5 slices of pizza
 J - a bread ration
 K - 2 meat rations


   Skills:
 + Level 7.1 Fighting
 + Level 10.9 Short Blades
 + Level 3.1 Throwing
 + Level 8.0 Armour
 + Level 5.0 Dodging
 + Level 2.0 Stealth
 + Level 8.8 Shields
 + Level 1.5 Evocations


You had 10 spell levels left.
You didn't know any spells.

Dungeon Overview and Level Annotations

Branches:
Dungeon (11/15)            Temple (0/1) D:5            Lair (0/6) D:9
    Orc: D:9-12

Altars:
Ashenzari
Cheibriados
Dithmenos
Elyvilon
Fedhas
Gozag
Hepliaklqana
Kikubaaqudgha
Nemelex Xobeh
Okawaru
Qazlal
Ru
Sif Muna
Uskayaw
Vehumet
Xom
Zin
The Shining One


Innate Abilities, Weirdness & Mutations

You have large cloven feet.
You can translocate small distances at will.


Message History

The orc warrior no longer looks unusually strong.
You see here a trident.
You see here a chain mail.
The orc knight roars a battlecry!
The orc knight no longer looks unusually strong.
The orc knight roars a battlecry!
There is an open door here.
The orc knight roars a battlecry!
The orc knight goes into a battle-frenzy!
The orc knight hits you from afar with a halberd!!
The orc knight hits you from afar with a trident!
You block the orc warrior's attack.
The orc knight hits you from afar with a trident!
The orc knight hits you from afar with a halberd!
* * * LOW HITPOINT WARNING * * *
The orc knight hits you from afar with a trident!
* * * LOW HITPOINT WARNING * * *
You block the orc knight's attack.
The orc knight hits you from afar with a trident!!
You die...

### ##.........##
..#######..≈≈≈≈≈≈≈..##
##...##...≈≈.....≈≈..##
#####.##..≈).###..≈≈..##########
.......##.).##.##..≈≈..........#
≈≈≈≈≈≈#######[).##..≈≈≈≈≈≈≈≈≈≈.#
).##### #.....##....))....≈.#
.#############'#############)≈.#
.##.....##......@§§##....o##.≈.#
..##...##..≈≈≈§≈≈≈..##...##..≈.#
≈..##.##§§§≈..oo§≈≈..'#.##..≈≈.#
≈≈..#'#.§≈§..oo...≈§..#+#..≈≈.##
≈≈..#'#..§§§§⌠⌠⌠..≈≈..# #..≈≈.∩#
≈..##.#'..≈≈§....≈≈..## ##.)≈≈.#
..##.).##..§≈§≈§≈≈..## ##).≈.#
.##.....##.§§§.....## ##.≈.#
.#############)###§#########.≈.#


You could see 3 orc knights and an orc warrior.

Vanquished Creatures
  A hydra (D:8)
  The ghost of ENesbit the Slicer, a journeyman HESk of Ashenzari (D:9)
  A two-headed ogre (D:9)
  A troll (D:9)
  2 dream sheep (D:8)
  2 hornets
  2 hippogriffs (D:9)
  A wraith (D:10)
  4 yaks
  4 hungry ghosts
  A hornet zombie (D:7)
  2 black bears
  8 orc warriors
  3 ice beasts
  2 sky beasts
  3 phantoms
  A necrophage (D:11)
  9 ogres
  A crocodile (D:9)
  4 centaurs
  6 big kobolds
  4 bullfrogs
  A wyvern zombie (D:9)
  2 scorpions
  4 jellies
  8 wights
  3 howler monkeys
  4 crimson imps
  A centaur zombie (Ossuary)
  5 hounds
  A quasit (D:10)
  2 bullfrog zombies
  3 gnoll shamans (D:7)
  12 orc wizards
  3 orc priests
  A bullfrog skeleton (D:4)
  Jessica (D:3)
  4 iguanas
  9 worker ants
  A statue (D:6)
  A killer bee zombie (D:8)
  A hound zombie (D:7)
  A hound skeleton (D:7)
  3 mummies (Ossuary)
  15 gnolls
  A howler monkey skeleton (D:4)
  2 river rats
  13 adders
  4 shadow imps
  An ooze (Sewer)
  2 adder zombies
  6 worms
  3 leopard geckos
  47 orcs
  8 giant cockroaches
  2 gnoll zombies
  8 goblins
  8 hobgoblins
  20 jackals
  3 quokkas
  3 ball pythons
  24 bats
  8 frilled lizards
  4 hobgoblin zombies (Ossuary)
  34 kobolds
  A kobold zombie (Ossuary)
  A leopard gecko skeleton (D:5)
  An orc zombie (Ossuary)
  A quokka skeleton (D:6)
  16 rats
  A fungus (Sewer)
371 creatures vanquished.

Vanquished Creatures (others)
  An orc wizard (D:9)
  6 fungi
  2 plants (D:7)
9 creatures vanquished.

Grand Total: 380 creatures vanquished

Notes
Turn   | Place    | Note
-------+----------+-------------------------------------------
     0 | D:1      | KyraPupper the Human Fighter began the quest for the Orb.
     0 | D:1      | Reached XP level 1. HP: 18/18 MP: 1/1
   135 | D:1      | Reached XP level 2. HP: 24/24 MP: 2/2
   154 | D:1      | Found an iron altar of Okawaru.
   607 | D:2      | Reached XP level 3. HP: 17/29 MP: 3/3
  1090 | D:2      | Reached XP level 4. HP: 35/35 MP: 4/4
  1155 | D:2      | Found a hide-covered altar of Uskayaw.
  1358 | D:2      | Found a glowing golden altar of the Shining One.
  1487 | D:2      | You fall through a shaft!
  1556 | D:3      | Reached skill level 3 in Short Blades
  1586 | D:3      | Noticed Jessica
  1603 | D:3      | Killed Jessica
  1603 | D:3      | Reached XP level 5. HP: 26/41 MP: 5/5
  1616 | D:3      | Found a glowing drain.
  1637 | Sewer    | Entered a sewer
  2750 | D:3      | Reached skill level 1 in Dodging
  2846 | D:3      | Found a deep blue altar of Sif Muna.
  2925 | D:3      | Found a stormy altar of Qazlal.
  3129 | D:3      | Reached XP level 6. HP: 47/47 MP: 6/6
  3266 | D:2      | You fall through a shaft!
  4076 | D:4      | Reached skill level 4 in Short Blades
  4144 | D:4      | Noticed an ogre
  4158 | D:4      | Killed an ogre
  4158 | D:4      | Reached skill level 1 in Throwing
  4257 | D:4      | Found a sand-covered staircase.
  4268 | Ossuary  | Entered an ossuary
  4301 | Ossuary  | Reached XP level 7. HP: 8/53 MP: 7/7
  4582 | Ossuary  | Gained mutation: You have large cloven feet. [potion of mutation]
  4582 | Ossuary  | Gained mutation: Your body sometimes deteriorates upon taking damage. [potion of mutation]
  4582 | Ossuary  | Gained mutation: You evolve. [potion of mutation]
  4608 | Ossuary  | Identified a scroll of acquirement
  5051 | D:4      | Reached skill level 5 in Short Blades
  5133 | D:4      | Lost mutation: Your body sometimes deteriorates upon taking damage. [evolution]
  5319 | D:5      | Entered Level 5 of the Dungeon
  5605 | D:5      | Found a shattered altar of Ashenzari.
  5660 | D:5      | Found an iron altar of Okawaru.
  5660 | D:5      | Found a stormy altar of Qazlal.
  5660 | D:5      | Found a hazy altar of Hepliaklqana.
  5660 | D:5      | Found a sparkling altar of Nemelex Xobeh.
  5660 | D:5      | Found an iron altar of Okawaru.
  5662 | D:5      | Found an ancient bone altar of Kikubaaqudgha.
  5662 | D:5      | Found a hazy altar of Hepliaklqana.
  5662 | D:5      | Found a blossoming altar of Fedhas.
  5662 | D:5      | Found a shadowy altar of Dithmenos.
  5662 | D:5      | Found a shadowy altar of Dithmenos.
  5690 | D:5      | Found a staircase to the Ecumenical Temple.
  5693 | D:5      | Found a shadowy altar of Dithmenos.
  5693 | D:5      | Found a shimmering altar of Xom.
  5693 | D:5      | Found a glowing silver altar of Zin.
  5693 | D:5      | Found a shimmering altar of Xom.
  5694 | D:5      | Found an iron altar of Okawaru.
  5701 | D:5      | Found a white marble altar of Elyvilon.
  5894 | D:5      | Found a hazy altar of Hepliaklqana.
  5934 | D:5      | Reached XP level 8. HP: 59/60 MP: 8/8
  6643 | D:6      | Reached skill level 6 in Short Blades
  6643 | D:6      | Reached skill level 5 in Shields
  6718 | D:6      | Found a white marble altar of Elyvilon.
  7275 | D:6      | Found a radiant altar of Vehumet.
  7569 | D:7      | Reached skill level 5 in Armour
  7573 | D:7      | Reached skill level 7 in Short Blades
  7573 | D:7      | Reached XP level 9. HP: 52/66 MP: 9/9
  7719 | D:7      | Gained mutation: You can translocate small distances at will. [evolution]
  7882 | D:7      | Reached skill level 1 in Evocations
  7920 | D:7      | Reached skill level 5 in Fighting
  8307 | D:7      | Reached skill level 8 in Short Blades
  8792 | D:7      | Reached XP level 10. HP: 55/75 MP: 10/10
  9033 | D:7      | You fall through a shaft for 3 floors!
  9033 | D:10     | Entered Level 10 of the Dungeon
  9555 | D:9      | Reached skill level 9 in Short Blades
 10372 | D:9      | Reached skill level 1 in Stealth
 10929 | D:9      | Found a shadowy altar of Dithmenos.
 11108 | D:9      | Found a faded altar of an unknown god.
 11108 | D:9      | Found a snail-covered altar of Cheibriados.
 11113 | D:9      | Found a faded altar of an unknown god.
 11115 | D:9      | Found a faded altar of an unknown god.
 11117 | D:9      | Found a faded altar of an unknown god.
 11844 | D:7      | Lost mutation: You evolve. [evolution]
 12074 | D:8      | Found an opulent altar of Gozag.
 12138 | D:8      | Reached XP level 11. HP: 40/83 MP: 11/11
 12562 | D:8      | Reached skill level 10 in Short Blades
 13385 | D:8      | Found a sacrificial altar of Ru.
 13835 | D:8      | Noticed a two-headed hydra
 13860 | D:8      | Killed a two-headed hydra
 14142 | D:9      | Found a staircase to the Lair.
 14438 | D:9      | Noticed ENesbit's ghost (journeyman HESk)
 14538 | D:9      | Killed ENesbit's ghost
 16564 | D:11     | Found a flagged portal.
 16590 | Bailey   | Entered a bailey
 16839 | Bailey   | Reached skill level 5 in Dodging
 16970 | Bailey   | Noticed an orc knight
 16971 | Bailey   | Noticed an orc knight
 16979 | Bailey   | Noticed an orc knight
 17478 | Bailey   | Mangled by an orc knight

Skill      XL: |  1  2  3  4  5  6  7  8  9 10 11 |
---------------+----------------------------------+-----
Short Blades   | 3 4 5 7 8 9 10 | 10.9
Dodging        | 1 2 3 4 5 |  5.0
Shields        | 4 5 6 7 8 |  8.8
Throwing       | 1 2 3 |  3.1
Armour         | 4 5 6 8 |  8.0
Fighting       | 4 5 6 7 |  7.1
Evocations     | 1 |  1.5
Stealth        | 1 2 |  2.0

Action                   |  1- 3 |  4- 6 |  7- 9 | 10-12 || total
-------------------------+-------+-------+-------+-------++-------
Melee: Rapier            |    90 |   353 |   603 |  1238 ||  2284
Throw: Stone             |    17 |    48 |    49 |    76 ||   190
       Tomahawk          |       |       |       |    31 ||    31
 Abil: Evoke Berserk Rag |       |       |     1 |     2 ||     3
       Blink             |       |       |       |     1 ||     1
  Use: Scroll            |     2 |     6 |     6 |     6 ||    20
       Potion            |       |     8 |     8 |     4 ||    20
  Eat: Chunk             |     1 |     7 |     9 |    13 ||    30
       Bread ration      |       |     1 |     1 |       ||     2
       Pizza             |       |       |     1 |     3 ||     4
       Fruit             |       |       |     1 |     3 ||     4
       Meat ration       |       |       |       |     4 ||     4
       Beef jerky        |       |       |       |     2 ||     2
Armor: Scale mail        |    51 |   179 |   180 |   371 ||   781
Dodge: Dodged            |    18 |   139 |   148 |   321 ||   626
Block: Shield            |    49 |   231 |   230 |   549 ||  1059
       Rpst.: Rapier     |       |     3 |    41 |    78 ||   122
